 Dungeon Crawl Stone Soup version 0.23.1 (webtiles) character file.

Game seed: 17554817387818134165

1527 Fang the Skirmisher (level 8, 0/52 HPs)
             Began as a Gargoyle Berserker on Mar 5, 2019.
             Was an Elder of Trog.
             Killed by divine providence
             ... invoked by an orc priest
              (16 damage)
             ... on level 6 of the Dungeon.
             The game lasted 00:04:44 (5896 turns).

Fang the Skirmisher (Gargoyle Berserker)            Turns: 5896, Time: 00:04:44

Health: 0/52       AC: 18    Str: 23    XL:     8   Next: 85%
Magic:  8/8        EV:  8    Int:  8    God:    Trog [****..]
Gold:   265        SH:  0    Dex:  9    Spells: 7/7 levels left

rFire    . . .     SeeInvis .   a - +0 hand axe
rCold    . . .     Gourm    .   (no shield)
rNeg     + + .     Faith    .   u - +0 plate armour
rPois    ∞         Spirit   .   (no helmet)
rElec    +         Reflect  .   (no cloak)
rCorr    .         Harm     .   (no gloves)
MR       .....                  (no boots)
Stlth    ..........             (no amulet)
HPRegen  0.17/turn              j - ring of positive energy
MPRegen  0.11/turn              l - ring of flight

@: confused, berserk cooldown, slowed, very slow
A: negative energy resistance 1, electricity resistance, unbreathing,
petrification resistance, rot immunity, AC +5
a: Berserk, Trog's Hand, Brothers in Arms, Renounce Religion, Evoke Flight


You were on level 6 of the Dungeon.
You worshipped Trog.
Trog was greatly pleased with you.
You were hungry.

You visited 2 branches of the dungeon, and saw 7 of its levels.

You collected 265 gold pieces.

Inventory:

Hand Weapons
 a - a +0 hand axe (weapon)
Armour
 u - a +0 plate armour (worn)
Jewellery
 j - a ring of positive energy (left hand)
 l - a ring of flight (right hand)
Wands
 o - a wand of polymorph (4)
 p - a wand of disintegration (18)
Scrolls
 d - 2 scrolls of remove curse {unknown}
 f - a scroll of random uselessness {unknown}
 g - a scroll of magic mapping {unknown}
 h - 5 scrolls of identify {unknown}
 m - 2 scrolls of teleportation {unknown}
 r - 2 scrolls of noise {unknown}
 t - a scroll of enchant armour {unknown}
Potions
 b - a potion of haste {unknown}
 e - a potion of mutation {unknown}
 i - a potion of cancellation {unknown}
 k - 5 potions of heal wounds {unknown}
 q - a potion of degeneration {unknown}
 s - a potion of lignification {unknown}
Comestibles
 c - 7 rations


   Skills:
 + Level 6.8 Fighting
 + Level 5.5 Axes
 + Level 6.2 Armour
 + Level 4.6 Dodging


You had 7 spell levels left.
You didn't know any spells.
Your spell library was empty.

Dungeon Overview and Level Annotations

Branches:
Dungeon (6/15)             Temple (1/1) D:5

Altars:


Innate Abilities, Weirdness & Mutations

You are resistant to torment.
Your stone body is resilient. (AC +5)
You are immune to poison.
You resist negative energy. (rN+)
You are resistant to electric shocks. (rElec)
You can survive without breathing.
You are immune to petrification.
You are immune to rotting.


Message History

You feel yourself slow down. The orc priest barely misses you.
The orc wizard hits you but does no damage. x2
You closely miss the orc wizard. x2
You hit the orc priest but do no damage.
The orc wizard hits you but does no damage.
The orc priest hits you but does no damage.
The orc wizard barely misses you. x2
The orc priest hits you but does no damage.
The orc wizard hits you but does no damage.
The orc priest calls down the wrath of Beogh upon you.
Beogh smites you!
The orc wizard hits you but does no damage.
The orc wizard gestures wildly while chanting.
The orc wizard flickers and vanishes!
Deactivating autopickup; reactivate with Ctrl-A.
The orc wizard hits you but does no damage.
The orc priest barely misses you. Something hits you but does no damage.
The orc priest mumbles some strange prayers to Beogh against you.
Beogh smites you!
You die...

# . #.# ########### .#.#..
##.........#########.#....
...............^..........
...........#<...#.........
...........####.#.##.#..<.
...........####{o.........
..>........##...@o........
...........##.###.#.##....
......######.......... ...
..###.######.[###.#.#... .
.>.............##.#.#..#..
..###.#...##...##...# ....
#.#...##....#####..#..
#.#...##.......... ..
#.#(..##.#))..####


You could see an orc priest and an orc wizard.

Vanquished Creatures
  2 orc warriors (D:6)
  An ice beast (D:6)
  A sky beast (D:5)
  A necrophage (D:5)
  2 ogres (D:4)
  A centaur (D:6)
  A bullfrog (D:5)
  2 howler monkeys
  3 crimson imps
  4 orc priests (D:4)
  2 bullfrog skeletons
  A centaur skeleton (D:5)
  2 iguanas (D:5)
  3 orc wizards (D:4)
  3 worker ants (D:4)
  3 gnolls (D:3)
  2 adders (D:2)
  4 oozes
  5 worms
  3 dart slugs (D:2)
  2 leopard geckos
  14 orcs
  4 giant cockroaches (D:3)
  6 hobgoblins
  4 jackals (D:3)
  6 kobolds
  4 quokkas
  13 bats
  5 frilled lizards
  6 goblins
  A leopard gecko skeleton (D:5)
  A quokka skeleton (D:4)
  7 rats
119 creatures vanquished.

Notes
Turn   | Place    | Note
-------+----------+-------------------------------------------
     0 | D:1      | Fang the Gargoyle Berserker began the quest for the Orb.
     0 | D:1      | Reached XP level 1. HP: 14/14 MP: 1/1
   165 | D:1      | Reached XP level 2. HP: 11/19 MP: 2/2
   958 | D:2      | Reached XP level 3. HP: 24/24 MP: 3/3
  1313 | D:2      | Reached ** piety under Trog
  1337 | D:2      | Reached XP level 4. HP: 19/29 MP: 4/4
  2050 | D:3      | Reached XP level 5. HP: 20/33 MP: 5/5
  2987 | D:4      | Reached XP level 6. HP: 37/39 MP: 6/6
  3154 | D:4      | Reached *** piety under Trog
  3154 | D:4      | Reached skill level 5 in Fighting
  3478 | D:4      | Reached XP level 7. HP: 36/44 MP: 7/7
  4477 | D:5      | Entered Level 5 of the Dungeon
  4492 | D:5      | Reached skill level 5 in Armour
  4497 | D:5      | Reached XP level 8. HP: 39/51 MP: 8/8
  4936 | D:5      | Found a staircase to the Ecumenical Temple.
  4953 | Temple   | Entered the Ecumenical Temple
  5122 | D:5      | Reached skill level 5 in Axes
  5620 | D:6      | Reached **** piety under Trog
  5896 | D:6      | Killed from afar by an orc priest

Skill      XL: |  1  2  3  4  5  6  7  8 |
---------------+-------------------------+-----
Axes           | 3 4 5 |  5.5
Dodging        | 2 3 4 |  4.6
Armour         | 3 4 5 6 |  6.2
Fighting       | 4 5 6 |  6.8

Action                   |  1- 3 |  4- 6 |  7- 9 || total
-------------------------+-------+-------+-------++-------
Melee: Hand axe          |   117 |   217 |   262 ||   596
Invok: Berserk           |       |     4 |     5 ||     9
  Eat: Chunk             |     1 |    10 |    10 ||    21
       Ration            |       |       |     1 ||     1
Armor: Animal skin       |    63 |       |       ||    63
       Scale mail        |       |    54 |       ||    54
       Chain mail        |       |    55 |   174 ||   229
       Plate armour      |       |       |    20 ||    20
Dodge: Dodged            |    89 |   101 |   142 ||   332
